AoeStats
← RosConor

Black Forest

509850273Analyzed
4v4 RM · 5d ago on Sep 28, 2026· 77m 20s· 8 players
Game mode
Random Map
Map size
Large (8 player)
Population
200
Speed
Normal
Resources
Standard
Victory
Conquest
Starting age
Dark Age
Ending age
Imperial Age
RankedLock teamsTeams togetherTeam positionsShared explorationLock speedFull tech treeHidden civsTurbo modeCheats
Victory
Defeat
🇧🇪 Celts · Belgium
767
+13
🇺🇦 Britons · Ukraine
733
+14
🇫🇷 Franks · France
718
+15
🇮🇹 Saxons · Italy
714
+15
🇨🇿 Varangians · Czechia
800
-18
🇬🇧 Franks · United Kingdom
679
-14
🇨🇳 Ethiopians · China
668
-13
🇻🇳 Vietnamese · Vietnam
638
-12
He
0:29 Loom
11:25 Feudal Age
13:02 Double-Bit Axe
19:54 Castle Age
17:45 Horse Collar
19:50 Stone Mining
19:55 Gold Mining
28:45 Heavy Plow
31:34 Caravan
34:11 Imperial Age
32:20 Wheelbarrow
32:12 Bow Saw
32:41 Gold Shaft Mining
31:53 Town Watch
32:07 Fletching
32:18 Padded Archer Armor
33:21 Hand Cart
32:58 Treadmill Crane
33:29 Fortified Wall
33:23 Bodkin Arrow
34:29 Caravan
34:48 Masonry
34:33 Murder Holes
35:01 Ballistics
35:04 Leather Archer Armor
35:45 Guilds
36:12 Bracer
36:51 Ring Archer Armor
37:05 Conscription
37:12 Yeomen
38:10 Architecture
38:41 Chemistry
38:49 Two-Man Saw
38:34 Town Patrol
38:44 Siege Engineers
39:42 Elite Longbowman
41:18 Warwolf
57:43 Coinage
64:38 Spies/Treason
68:41 Banking
68:50 Hoardings
73:18 Squires
74:26 Pikeman
74:52 Gambesons
74:53 Arson
74:48 Sappers
it_s_now
1:26 Loom
12:58 Feudal Age
15:13 Wheelbarrow
15:12 Double-Bit Axe
17:40 Castle Age
20:13 Bow Saw
26:33 Gold Mining
26:36 Stone Mining
29:52 Gold Shaft Mining
30:21 Hand Cart
29:55 Town Watch
34:32 Imperial Age
32:51 Forging
32:47 Scale Barding Armor
32:42 Scale Mail Armor
33:39 Caravan
34:20 Town Patrol
33:48 Pikeman
35:28 Iron Casting
35:15 Chain Barding Armor
35:35 Husbandry
35:04 Cavalier
36:19 Conscription
36:01 Chivalry
37:08 Paladin
41:22 Plate Barding Armor
41:04 Chain Mail Armor
41:54 Blast Furnace
77:11 Spies/Treason
Asdizio
0:37 Loom
15:04 Feudal Age
15:33 Double-Bit Axe
15:41 Stone Mining
15:43 Gold Mining
15:36 Horse Collar
16:04 Fishing Lines
25:01 Castle Age
22:54 Fletching
23:08 Scale Mail Armor
23:06 Arson
23:59 Forging
23:20 Man-at-Arms
24:29 Padded Archer Armor
25:09 Scale Barding Armor
27:15 Squires
29:36 Bodkin Arrow
30:06 Caravan
30:26 Pikeman
32:08 Gillnets
37:32 Imperial Age
34:50 Town Watch
37:09 Iron Casting
37:00 Chain Mail Armor
37:01 Leather Archer Armor
36:09 Elite Skirmisher
37:38 Gambesons
37:13 Long Swordsman
38:04 Thumb Ring
39:17 Conscription
38:24 Clerical Recruitment
39:45 Hoardings
38:34 Clerical Recruitment
39:39 Elite Varangian Guard
42:12 Plate Mail Armor
41:43 Bracer
42:05 Chain Barding Armor
42:15 Ring Archer Armor
42:34 Fortified Wall
42:05 Treadmill Crane
42:46 Ballistics
44:30 Chemistry
43:26 Murder Holes
43:42 Siege Engineers
43:44 Two-Handed Swordsman
44:50 Shield Wall
46:04 Masonry
45:59 Champion
48:45 Crossbowman
49:27 Arbalester
51:04 Architecture
52:18 Coinage
51:58 Guilds
51:43 Cranequins
54:32 Halberdier
55:27 Husbandry
55:53 Bow Saw
57:51 Heavy Plow
58:52 Two-Man Saw
60:18 Wheelbarrow
59:44 Town Patrol
60:17 Crop Rotation
60:51 Elite Hearth Troop
63:24 Heavy Mounted Crossbowman
66:42 Banking
73:56 Sappers
77:37 Bloodlines
76:48 Light Cavalry
RosConor
0:31 Loom
13:38 Feudal Age
14:19 Horse Collar
14:27 Double-Bit Axe
18:23 Stone Mining
18:23 Town Watch
21:14 Castle Age
19:42 Gold Mining
19:57 Scale Mail Armor
21:23 Forging
21:19 Scale Barding Armor
21:16 Padded Archer Armor
21:08 Fletching
22:22 Bow Saw
26:03 Town Patrol
26:46 Caravan
27:32 Wheelbarrow
32:36 Imperial Age
31:09 Hand Cart
31:23 Stronghold
32:04 Fortified Wall
34:15 Furor Celtica
34:33 Heavy Plow
34:49 Heavy Scorpion
35:49 Masonry
37:11 Siege Engineers
37:34 Conscription
40:28 Man-at-Arms
40:54 Gambesons
43:14 Elite Woad Raider
45:36 Chain Mail Armor
46:15 Iron Casting
47:29 Plate Mail Armor
49:31 Blast Furnace
57:16 Onager
60:28 Gold Shaft Mining
63:06 Siege Onager
69:12 Stone Shaft Mining
71:57 Capped Ram
72:30 Heated Shot
73:01 Ballistics
73:42 Chemistry
72:27 Arrowslits
72:33 Guard Tower
72:39 Murder Holes
73:04 Shipwright
72:55 Clinker Construction
72:56 Careening
72:43 Bodkin Arrow
73:03 Leather Archer Armor
72:45 Siege Ram
74:32 Coinage
74:13 Guilds
75:55 Banking
75:52 Chain Barding Armor
76:52 Fervor
77:27 Hoardings
77:39 Sanctity
78:02 Keep
crazycris271
0:41 Loom
16:44 Feudal Age
17:33 Double-Bit Axe
18:28 Wheelbarrow
19:25 Stone Mining
19:26 Gold Mining
21:44 Castle Age
21:52 Town Watch
22:09 Man-at-Arms
22:50 Squires
24:17 Bow Saw
24:34 Fortified Wall
24:20 Murder Holes
27:31 Gold Shaft Mining
27:45 Caravan
31:05 Hand Cart
32:35 Fletching
32:56 Forging
32:51 Scale Barding Armor
33:22 Husbandry
36:13 Imperial Age
37:34 Iron Casting
37:20 Chain Barding Armor
36:56 Bodkin Arrow
36:45 Treadmill Crane
37:17 Masonry
37:44 Cavalier
39:53 Blast Furnace
39:29 Plate Barding Armor
40:16 Chivalry
40:06 Paladin
47:35 Ordonnance Companies
48:55 Hoardings
50:24 Pikeman
51:02 Halberdier
62:00 Long Swordsman
63:15 Two-Handed Swordsman
暗夜惜黎
12:54 Feudal Age
13:17 Horse Collar
13:25 Double-Bit Axe
16:05 Gold Mining
20:44 Castle Age
22:11 Wheelbarrow
21:38 Heavy Plow
21:50 Bow Saw
22:36 Caravan
26:51 Town Watch
27:57 Gold Shaft Mining
30:23 Imperial Age
32:10 Chemistry
34:31 Torsion Engines
35:18 Hand Cart
36:40 Siege Engineers
37:41 Two-Man Saw
39:50 Heavy Scorpion
45:28 Conscription
45:13 Squires
44:58 Arson
45:36 Masonry
49:29 Forging
49:19 Scale Mail Armor
57:39 Architecture
vanvuongnguyen614
0:29 Loom
13:11 Feudal Age
17:39 Castle Age
16:41 Double-Bit Axe
17:50 Horse Collar
24:01 Bow Saw
27:59 Heavy Plow
28:27 Forging
28:18 Scale Mail Armor
32:55 Imperial Age
30:25 Gold Mining
30:27 Stone Mining
30:53 Forging
30:43 Scale Mail Armor
30:45 Squires
30:50 Arson
30:29 Pikeman
32:09 Iron Casting
32:37 Chain Mail Armor
34:02 Wheelbarrow
33:21 Town Watch
34:54 Two-Man Saw
34:26 Crop Rotation
33:38 Halberdier
36:16 Hand Cart
36:52 Plate Mail Armor
36:08 Elite Skirmisher
36:54 Thumb Ring
37:10 Fletching
37:21 Padded Archer Armor
37:45 Ballistics
38:29 Chemistry
37:37 Imperial Skirmisher
39:25 Stone Shaft Mining
39:04 Bodkin Arrow
41:14 Bracer
41:32 Leather Archer Armor
46:19 Paper Money
47:30 Ring Archer Armor
46:31 Elite Rattan Archer
pocestny
5:36 Loom
12:35 Feudal Age
13:57 Town Watch
15:45 Horse Collar
17:04 Double-Bit Axe
24:12 Wheelbarrow
26:11 Castle Age
24:39 Gold Mining
24:52 Fishing Lines
28:24 Town Patrol
30:44 Hand Cart
31:24 Squires
31:12 Arson
34:32 Imperial Age
33:02 Gambesons
33:26 Scale Mail Armor
33:56 Gillnets
34:42 Heavy Plow
35:03 Bow Saw
37:21 Ballistics
37:08 Siege Engineers
38:05 Chemistry
37:15 Caravan
38:19 Elite Varangian Guard
39:14 Forging
41:04 Bloodlines
40:55 Husbandry
41:34 Iron Casting
41:16 Chain Mail Armor
41:07 Scale Barding Armor
45:20 Plate Mail Armor
46:22 Conscription
48:29 Fortified Wall
48:19 Murder Holes
48:35 Masonry
47:52 Gothikon
52:47 Blast Furnace
52:30 Crop Rotation
52:23 Guilds
58:03 Pikeman
65:14 Halberdier
73:28 Halberdier
Connection lost

Rejoining the realm…

Still unreachable

The connection could not be restored.

Session expired

The server has moved on; the page needs a fresh start.